 Dungeon Crawl Stone Soup version 0.27-a0-1123-g2f9bb313c0 (webtiles) character file.

Game seed: 6945644195123094010

73 Zeld the Skirmisher (level 4, -1/33 HPs)
             Began as an Octopode Fighter on May 3, 2021.
             Slain by an orc
             ... wielding a +0 short sword
              (6 damage)
             ... on level 3 of the Dungeon.
             The game lasted 00:01:34 (2023 turns).

Zeld the Skirmisher (Octopode Fighter)              Turns: 2023, Time: 00:01:35

Health: -1/33      AC:  1    Str: 16    XL:     4   Next: 27%
Magic:  4/4        EV: 11    Int: 10    God:
Gold:   48         SH:  9    Dex: 11    Spells: 3/3 levels left

rFire    . . .     SeeInvis .   a - +0 war axe
rCold    . . .     Faith    .   b - +0 kite shield
rNeg     . . .     Spirit   .   (helmet restricted)
rPois    .         Reflect  .   (no amulet)
rElec    .         Harm     .   (no ring)
rCorr    .         Rampage  .   (no ring)
Will     .....                  (no ring)
Stlth    ++........             (no ring)
HPRegen  0.11/turn              (no ring)
MPRegen  0.09/turn              (no ring)
                                (no ring)
                                (no ring)

@: no status effects
A: almost no armour, amphibious, 8 rings, camouflage 1, gelatinous body 1,
(nimble swimmer 1), tentacles
a: no special abilities


You were on level 3 of the Dungeon.
You visited 1 branch of the dungeon, and saw 3 of its levels.

You collected 48 gold pieces.

Inventory:

Hand Weapons
 a - a +0 war axe (weapon)
Armour
 b - a +0 kite shield (worn)
Scrolls
 f - a scroll of amnesia {unknown}
 g - a scroll of vulnerability {unknown}
 j - 2 scrolls of fog {unknown}
Potions
 c - 2 potions of might
 d - 2 potions of heal wounds {unknown}
 e - a potion of curing {unknown}
 h - a potion of mutation {unknown}
 i - a potion of haste


   Skills:
 * Level 3.8 Fighting
 * Level 3.0 Axes
 - Level 3.0 Dodging
 * Level 3.7 Shields


You had 3 spell levels left.
You didn't know any spells.
Your spell library was empty.

Dungeon Overview and Level Annotations

Branches:
Dungeon (3/15)

Altars:


Innate Abilities, Weirdness & Mutations

You cannot wear most types of armour.
You are amphibious.
You can wear up to eight rings at the same time.
Your skin changes colour to match your surroundings (Stealth+).
Your rubbery body absorbs attacks. (AC +1, EV +1)
((You are camouflaged near water. (Stealth+)))
You have tentacles for arms and can constrict up to eight enemies at once.


Message History

You closely miss the jackal. You constrict the jackal. The jackal bites you.
The jackal barely misses you. You block the jackal's attack.
The jackal bites you but does no damage.
You block the jackal's attack. x2
A jackal comes into view.
The jackal bites you. x2
You hit the jackal.
You kill the jackal!
You hit the jackal. You hit the jackal but do no damage. You hit the jackal.
The jackal closely misses you. You block the jackal's attack. x2
The jackal bites you. The jackal misses you. The jackal bites you.
You block the orc's attack.
Unknown command.
You barely miss the jackal. Your grab misses the jackal.
The jackal is severely wounded.
You barely miss the orc. You closely miss the jackal. You hit the jackal.
The jackal completely misses you. You block the jackal's attack.
The jackal bites you. The jackal closely misses you.
The orc hits you with a +0 short sword. You block the jackal's attack.
The jackal barely misses you. The jackal bites you.
You closely miss the jackal. You grab the jackal.
The jackal is severely wounded.
You closely miss the jackal. x2; You hit the orc but do no damage.
You closely miss the jackal. You constrict the jackal.
You block the jackal's attack. The jackal closely misses you.
The orc misses you.
The jackal bites you. x2; The jackal misses you.
The jackal closely misses you. The orc hits you with a +0 short sword.
The jackal bites you. The jackal closely misses you. The jackal bites you.
* * * LOW HITPOINT WARNING * * *
You are too injured to fight recklessly!
You hit the jackal.
You kill the jackal!
You miss the jackal. You hit the jackal. You hit the orc but do no damage.
You barely miss the jackal. The jackal barely misses you. x2
The jackal bites you.
* * * LOW HITPOINT WARNING * * *
The jackal bites you.
* * * LOW HITPOINT WARNING * * *
The orc hits you with a +0 short sword.
You die...

... .( #. # .
#.######<# ..
##h.[...#.### ..
............
..#.##†#hh....#
.......o@.....#
.##.##.h†.[....#
#.....##...
##...## #
###.### #.|...#
###.#.# #<..#
#####


You could see an orc and 3 jackals.

Vanquished Creatures
  Robin (D:2)
  A worm (D:2)
  A dart slug (D:1)
  3 ball pythons
  3 endoplasms (D:1)
  2 giant cockroaches (D:1)
  15 goblins
  3 hobgoblins
  3 jackals (D:3)
  6 kobolds
  3 quokkas
  3 bats
  A frilled lizard (D:1)
  6 rats
51 creatures vanquished.

Notes
Turn   | Place    | Note
-------+----------+-------------------------------------------
     0 | D:1      | Zeld the Octopode Fighter began the quest for the Orb.
     0 | D:1      | Reached XP level 1. HP: 16/16 MP: 1/1
   141 | D:1      | Reached XP level 2. HP: 21/21 MP: 2/2
   581 | D:1      | Reached XP level 3. HP: 26/26 MP: 3/3
  1360 | D:2      | Found a faded altar of an unknown god.
  1379 | D:2      | Noticed Robin
  1457 | D:2      | Killed Robin
  1458 | D:2      | Reached XP level 4. HP: 23/33 MP: 4/4
  2023 | D:3      | Slain by an orc

Illustrated notes

Levels and vault maps discovered:
D:1:      minmay_arrival_shoal_huts, layout_basic
D:2:      layout_basic, basic_ecumenical_altar, uniq_robin
D:3:      layout_basic, nemelex_dance_club_becter, hangedman_decor_push

Skill      XL: |  1  2  3  4 |
---------------+-------------+-----
Axes           | 3 |  3.0
Fighting       | |  3.8
Dodging        | |  3.0
Shields        | |  3.7

Action                   |  1- 3 |  4- 6 || total
-------------------------+-------+-------++-------
Melee: War axe           |    56 |    16 ||    72
       Constrict         |    18 |     8 ||    26
       Tentacles         |     8 |     1 ||     9
 Stab: Sleeping          |     8 |     1 ||     9
Armor: Skin              |     3 |     1 ||     4
Dodge: Dodged            |    28 |    16 ||    44
Block: Kite shield       |    21 |    14 ||    35

Table legend: (Time is in decaauts)
 A = Elapsed time spent in this place.
 B = Non-inter-level travel time spent in this place.
 C = Inter-level travel time spent in this place.
 D = Time resting spent in this place.
 E = Time spent auto-exploring this place.
 F = Levels seen in this place.
 G = Mean time per level.
                   A        B        C        D        E       F      G
               +--------+--------+--------+--------+--------+-----+--------+
         Total |   2066 |   2044 |     22 |      0 |   1757 |   3 |  688.7 |
       Dungeon |   2066 |   2044 |     22 |      0 |   1757 |   3 |  688.7 |
               +--------+--------+--------+--------+--------+-----+--------+

Top non-repeatable levels by time:
     D:1: 1213 daAuts
     D:2: 833 daAuts
     D:3: 19 daAuts
